| TOP OF THE 1ST |
|
Oklahoma City 89ers batting - Pitching for Tulsa Drillers : LHP Bob Buchanan
|
|
Pitching: LHP Bob Buchanan
|
|
|
Batting: RHB Richard Howard
|
0-0: Called Strike 0-1: Called Strike 0-2: Strikes out swinging
|
|
Batting: RHB John Christensen
|
0-0: Called Strike 0-1: Ball 1-1: Swinging Strike 1-2: Ground out 4-3 (Groundball, 4, EV 80.6 MPH)
|
|
Batting: RHB Cecil Fielder
|
0-0: Ball 1-0: Called Strike 1-1: Ball 2-1: Foul Ball, location: 2F 2-2: Fly out, F7 (Flyball, 78S, EV 78.8 MPH)
|
| Top of the 1st over - 0 runs, 0 hits, 0 errors, 0 left on base; Oklahoma City 0 - Tulsa 0 |
| BOTTOM OF THE 1ST |
|
Tulsa Drillers batting - Pitching for Oklahoma City 89ers : LHP Mark Langston
|
|
Pitching: LHP Mark Langston
|
|
|
Batting: SHB Paul Householder
|
0-0: Swinging Strike 0-1: Ball 1-1: Swinging Strike 1-2: Ball 2-2: Ball 3-2: Strikes out swinging
|
|
Batting: RHB Victor Rios
|
0-0: Ground out 4-3 (Groundball, 4, EV 88.1 MPH)
|
|
Batting: LHB Jim Adduci
|
0-0: Called Strike 0-1: Ball 1-1: Ball 2-1: Called Strike 2-2: Foul Ball, location: 2F 2-2: DOUBLE (Line Drive, 7LD, EV 104.4 MPH)
|
|
Batting: LHB Mike Pagliarulo
|
0-0: Called Strike 0-1: Fly out, F9 (Flyball, 9, EV 89.4 MPH)
|
| Bottom of the 1st over - 0 runs, 1 hit, 0 errors, 1 left on base; Oklahoma City 0 - Tulsa 0 |
| TOP OF THE 2ND |
|
Oklahoma City 89ers batting - Pitching for Tulsa Drillers : LHP Bob Buchanan
|
|
Batting: RHB Glenn Braggs
|
0-0: Ball 1-0: SOLO HOME RUN (Flyball, 7D, EV 88.1 MPH), Distance : 371 ft
|
|
Batting: RHB Tim Tolman
|
0-0: Called Strike 0-1: Ball 1-1: Foul Ball, location: 2F 1-2: Fly out, F4 (Flyball, 34D, EV 86.9 MPH)
|
|
Batting: RHB Nick Esasky
|
0-0: Called Strike 0-1: Ball 1-1: Ball 2-1: Called Strike 2-2: Ball 3-2: Foul Ball, location: 2F 3-2: Fly out, F7 (Line Drive, 7, EV 101.3 MPH)
|
|
Batting: RHB Joe Redfield
|
0-0: TRIPLE (Flyball, 89XD, EV 93.1 MPH)
|
|
Batting: RHB Danny Jasso
|
0-0: Ball 1-0: Fly out, F8 (Line Drive, 8LD, EV 106.9 MPH)
|
| Top of the 2nd over - 1 run, 2 hits, 0 errors, 1 left on base; Oklahoma City 1 - Tulsa 0 |
| BOTTOM OF THE 2ND |
|
Tulsa Drillers batting - Pitching for Oklahoma City 89ers : LHP Mark Langston
|
|
Batting: RHB Bob E Johnson
|
0-0: Foul Ball, location: 2F 0-1: Ball 1-1: Swinging Strike 1-2: Strikes out looking
|
|
Batting: SHB Luis Quinones
|
0-0: Foul Ball, location: 2F 0-1: Ball 1-1: Ball 2-1: Fly out, F9 (Flyball, 9S, EV 91.9 MPH)
|
|
Batting: RHB Nick Belmonte
|
0-0: Called Strike 0-1: Ground out 5-3 (Groundball, 5L, EV 91.9 MPH)
|
| Bottom of the 2nd over - 0 runs, 0 hits, 0 errors, 0 left on base; Oklahoma City 1 - Tulsa 0 |
| TOP OF THE 3RD |
|
Oklahoma City 89ers batting - Pitching for Tulsa Drillers : LHP Bob Buchanan
|
|
Batting: RHB Robert Bailey
|
0-0: Foul Ball, location: 2F 0-1: Ball 1-1: Fly out, F9 (Flyball, 89D, EV 100.0 MPH)
|
|
Batting: RHB Richard Howard
|
0-0: Called Strike 0-1: Called Strike 0-2: Strikes out swinging
|
|
Batting: RHB John Christensen
|
0-0: Ball 1-0: Called Strike 1-1: Foul Ball, location: 2F 1-2: Strikes out swinging
|
| Top of the 3rd over - 0 runs, 0 hits, 0 errors, 0 left on base; Oklahoma City 1 - Tulsa 0 |
| BOTTOM OF THE 3RD |
|
Tulsa Drillers batting - Pitching for Oklahoma City 89ers : LHP Mark Langston
|
|
Batting: RHB Michael Johnson
|
0-0: Foul Ball, location: 2F 0-1: Ball 1-1: Ball 2-1: Fly out, F5 (Popup, 56, EV 66.3 MPH)
|
|
Batting: RHB Onix Concepcion
|
0-0: Swinging Strike 0-1: Ground out 4-3 (Groundball, 4, EV 86.3 MPH)
|
|
Batting: SHB Paul Householder
|
0-0: Ball 1-0: Ball 2-0: Foul Ball, location: 2F 2-1: Foul Ball, location: 2F 2-2: Foul Ball, location: 2F 2-2: Strikes out swinging
|
| Bottom of the 3rd over - 0 runs, 0 hits, 0 errors, 0 left on base; Oklahoma City 1 - Tulsa 0 |
| TOP OF THE 4TH |
|
Oklahoma City 89ers batting - Pitching for Tulsa Drillers : LHP Bob Buchanan
|
|
Batting: RHB Cecil Fielder
|
0-0: Ball 1-0: Ground out 6-3 (Groundball, 56D, EV 80.0 MPH)
|
|
Batting: RHB Glenn Braggs
|
0-0: Fly out, F4 (Flyball, 34D, EV 89.4 MPH)
|
|
Batting: RHB Tim Tolman
|
0-0: SINGLE (Line Drive, 8LS, EV 97.5 MPH)
|
|
Batting: RHB Nick Esasky
|
0-0: Called Strike 0-1: Ball 1-1: Ground out 6-3 (Groundball, P, EV 91.3 MPH)
|
| Top of the 4th over - 0 runs, 1 hit, 0 errors, 1 left on base; Oklahoma City 1 - Tulsa 0 |
| BOTTOM OF THE 4TH |
|
Tulsa Drillers batting - Pitching for Oklahoma City 89ers : LHP Mark Langston
|
|
Batting: RHB Victor Rios
|
0-0: Called Strike 0-1: Foul Ball, location: 2F 0-2: Ball 1-2: Ball 2-2: Fly out, F7 (Flyball, 7LM, EV 92.5 MPH)
|
|
Batting: LHB Jim Adduci
|
0-0: Ball 1-0: Fly out, F8 (Flyball, 8LD, EV 82.5 MPH)
|
|
Batting: LHB Mike Pagliarulo
|
0-0: Called Strike 0-1: Ball 1-1: Ground out 4-3 (Groundball, 4, EV 93.1 MPH)
|
| Bottom of the 4th over - 0 runs, 0 hits, 0 errors, 0 left on base; Oklahoma City 1 - Tulsa 0 |
| TOP OF THE 5TH |
|
Oklahoma City 89ers batting - Pitching for Tulsa Drillers : LHP Bob Buchanan
|
|
Batting: RHB Joe Redfield
|
0-0: Ball 1-0: Foul Ball, location: 2F 1-1: Swinging Strike 1-2: Strikes out swinging
|
|
Batting: RHB Danny Jasso
|
0-0: Fly out, F9 (Line Drive, 9, EV 97.5 MPH)
|
|
Batting: RHB Robert Bailey
|
0-0: Fly out, F9 (Flyball, 9, EV 89.4 MPH)
|
| Top of the 5th over - 0 runs, 0 hits, 0 errors, 0 left on base; Oklahoma City 1 - Tulsa 0 |
| BOTTOM OF THE 5TH |
|
Tulsa Drillers batting - Pitching for Oklahoma City 89ers : LHP Mark Langston
|
|
Batting: RHB Bob E Johnson
|
0-0: Ball 1-0: Called Strike 1-1: DOUBLE (Groundball, 3L, EV 105.0 MPH)
|
|
Batting: SHB Luis Quinones
|
0-0: Ball 1-0: Foul Ball, location: 2F 1-1: Called Strike 1-2: Foul Ball, location: 2F 1-2: Strikes out looking
|
|
Batting: RHB Nick Belmonte
|
0-0: Ball 1-0: Ground out 6-3 (Groundball, 6, EV 90.6 MPH)
|
|
Batting: RHB Michael Johnson
|
0-0: Swinging Strike 0-1: Ball 1-1: Called Strike 1-2: Strikes out swinging
|
| Bottom of the 5th over - 0 runs, 1 hit, 0 errors, 1 left on base; Oklahoma City 1 - Tulsa 0 |
| TOP OF THE 6TH |
|
Oklahoma City 89ers batting - Pitching for Tulsa Drillers : LHP Bob Buchanan
|
|
Batting: RHB Richard Howard
|
0-0: Ball
|
|
|
|
|
|
1-0: Called Strike 1-1: Ball 2-1: Ball 3-1: Swinging Strike 3-2: Foul Ball, location: 2F 3-2: Foul Ball, location: 2F 3-2: Strikes out swinging
|
|
Batting: RHB John Christensen
|
0-0: Ball 1-0: Ball 2-0: Called Strike 2-1: Ball 3-1: Swinging Strike 3-2: Base on Balls
|
|
Batting: RHB Cecil Fielder
|
0-0: Ball 1-0: Called Strike 1-1: Ball John Christensen steals 2nd base 2-1: Ball 3-1: Foul Ball, location: 2F 3-2: Strikes out swinging
|
|
Batting: RHB Glenn Braggs
|
0-0: Ball 1-0: Foul Ball, location: 2F 1-1: Foul Ball, location: 2F 1-2: Foul Ball, location: 2F 1-2: Strikes out looking
|
| Top of the 6th over - 0 runs, 0 hits, 0 errors, 1 left on base; Oklahoma City 1 - Tulsa 0 |
| BOTTOM OF THE 6TH |
|
Tulsa Drillers batting - Pitching for Oklahoma City 89ers : LHP Mark Langston
|
|
Batting: RHB Onix Concepcion
|
0-0: Fly out, F3 (Flyball, 3D, EV 83.8 MPH)
|
|
Batting: SHB Paul Householder
|
0-0: Ball 1-0: Ball 2-0: Called Strike 2-1: Fly out, F4 (Popup, 34, EV 77.5 MPH)
|
|
Batting: RHB Victor Rios
|
0-0: Ball 1-0: Ball 2-0: Called Strike 2-1: Called Strike 2-2: Ground out 5-3 (Groundball, 5S, EV 68.8 MPH)
|
| Bottom of the 6th over - 0 runs, 0 hits, 0 errors, 0 left on base; Oklahoma City 1 - Tulsa 0 |
| TOP OF THE 7TH |
|
Oklahoma City 89ers batting - Pitching for Tulsa Drillers : LHP Bob Buchanan
|
|
Batting: RHB Tim Tolman
|
0-0: Ball 1-0: Called Strike 1-1: Fly out, F9 (Line Drive, 9, EV 95.0 MPH)
|
|
Batting: RHB Nick Esasky
|
0-0: Called Strike 0-1: Called Strike 0-2: Strikes out looking
|
|
Batting: RHB Joe Redfield
|
0-0: Ball 1-0: Called Strike 1-1: Foul Ball, location: 2F 1-2: Fly out, F7 (Flyball, 78S, EV 92.5 MPH)
|
| Top of the 7th over - 0 runs, 0 hits, 0 errors, 0 left on base; Oklahoma City 1 - Tulsa 0 |
| BOTTOM OF THE 7TH |
|
Tulsa Drillers batting - Pitching for Oklahoma City 89ers : LHP Mark Langston
|
|
Batting: LHB Jim Adduci
|
0-0: Fly out, F6 (Popup, 6S, EV 83.8 MPH)
|
|
Batting: LHB Mike Pagliarulo
|
0-0: Ball 1-0: Fly out, F3 (Line Drive, 3, EV 70.6 MPH)
|
|
Batting: RHB Bob E Johnson
|
0-0: Called Strike 0-1: Called Strike 0-2: Ball 1-2: Strikes out swinging
|
| Bottom of the 7th over - 0 runs, 0 hits, 0 errors, 0 left on base; Oklahoma City 1 - Tulsa 0 |
| TOP OF THE 8TH |
|
Oklahoma City 89ers batting - Pitching for Tulsa Drillers : LHP Bob Buchanan
|
|
Batting: RHB Danny Jasso
|
0-0: Ball 1-0: Swinging Strike 1-1: Ground out 5-3 (Groundball, 5, EV 90.0 MPH)
|
|
Batting: RHB Robert Bailey
|
0-0: Fly out, F8 (Flyball, 8LD, EV 100.6 MPH)
|
|
Batting: RHB Richard Howard
|
0-0: Fly out, F9 (Flyball, 9S, EV 70.6 MPH)
|
| Top of the 8th over - 0 runs, 0 hits, 0 errors, 0 left on base; Oklahoma City 1 - Tulsa 0 |
| BOTTOM OF THE 8TH |
|
Tulsa Drillers batting - Pitching for Oklahoma City 89ers : LHP Mark Langston
|
|
Batting: SHB Luis Quinones
|
0-0: Swinging Strike 0-1: Ball 1-1: Foul Ball, location: 2F 1-2: Strikes out looking
|
|
Batting: RHB Nick Belmonte
|
0-0: Ball 1-0: Ball 2-0: Ball 3-0: Base on Balls
|
|
Batting: RHB Michael Johnson
|
0-0: Called Strike 0-1: Ball 1-1: Swinging Strike 1-2: Ball Wild Pitch! Nick Belmonte to second 2-2: Ball 3-2: Foul Ball, location: 2F 3-2: Foul Ball, location: 2F 3-2: Foul Ball, location: 2F 3-2: Base on Balls
|
|
Batting: RHB Onix Concepcion
|
0-0: Bunt missed! 0-1: Bunted foul 0-2: Ball 1-2: Ball 2-2: Ball 3-2: Fly out, F8 (Flyball, 8RS, EV 91.3 MPH)
|
|
Batting: SHB Paul Householder
|
0-0: Fly out, F8 (Flyball, 8RXD, EV 82.5 MPH)
|
| Bottom of the 8th over - 0 runs, 0 hits, 0 errors, 2 left on base; Oklahoma City 1 - Tulsa 0 |
| TOP OF THE 9TH |
|
Oklahoma City 89ers batting - Pitching for Tulsa Drillers : LHP Bob Buchanan
|
|
Pitching: RHP David Melendez
|
|
|
Batting: RHB John Christensen
|
0-0: Ball 1-0: Ball 2-0: SINGLE (Line Drive, 89M, EV 91.9 MPH)
|
|
Batting: RHB Cecil Fielder
|
0-0: Ball 1-0: Called Strike 1-1: Grounds into double play, 6-4-3 (Groundball, 6, EV 101.9 MPH)
|
|
Batting: RHB Glenn Braggs
|
0-0: Ball 1-0: Fly out, F7 (Flyball, 7LS, EV 90.6 MPH)
|
| Top of the 9th over - 0 runs, 1 hit, 0 errors, 0 left on base; Oklahoma City 1 - Tulsa 0 |
| BOTTOM OF THE 9TH |
|
Tulsa Drillers batting - Pitching for Oklahoma City 89ers : LHP Mark Langston
|
|
Now in CF: Ron Tingley
|
|
|
Batting: RHB Victor Rios
|
0-0: Reached on error, E6 (Groundball, 6, EV 101.3 MPH)
|
|
Batting: LHB Jim Adduci
|
0-0: Foul Ball, location: 2F 0-1: Ball 1-1: Foul Ball, location: 2F 1-2: Strikes out swinging
|
|
Batting: LHB Mike Pagliarulo
|
0-0: Ball 1-0: Fly out, F8 (Line Drive, 8RD, EV 88.8 MPH)
|
|
Batting: RHB Bob E Johnson
|
0-0: Ball 1-0: Ball 2-0: Foul Ball, location: 2F 2-1: Swinging Strike 2-2: Ball 3-2: Base on Balls Victor Rios to second
|
|
Batting: SHB Luis Quinones
|
0-0: Ball 1-0: Foul Ball, location: 2F 1-1: Ball 2-1: Foul Ball, location: 2F 2-2: Ball 3-2: Foul Ball, location: 2F 3-2: Ground out 4-3 (Groundball, 4, EV 92.5 MPH)
|
| Bottom of the 9th over - 0 runs, 0 hits, 1 error, 2 left on base; Oklahoma City 1 - Tulsa 0 |
 |
|
Monday, August 10th, 2020 - OOTP Baseball 21.5 Build 76
|
|